 Dungeon Crawl Stone Soup version 0.30.1-11-g7821555f0a (webtiles) character file.

Game seed: 4074390463440666641

3178 hawla the Cruncher (level 9, 0/63 (70) HPs)
             Began as a Yellow Draconian Conjurer on Jan 10, 2024.
             Was an Initiate of Vehumet.
             Slain by a wight
             ... wielding a +5 great sword of freezing
              (6 damage)
             ... on level 7 of the Dungeon on Jan 11, 2024.
             The game lasted 00:22:57 (6954 turns).

hawla the Cruncher (Yellow Draconian Conjurer)      Turns: 6954, Time: 00:22:57

HP:   0/63 (70)     AC: 12    Str: 17    XL:     9   Next: 63%
MP:   13/24         EV: 13    Int: 22    God:    Vehumet [......]
Gold: 492           SH:  0    Dex: 13    Spells: 9/16 levels left

rFire   + . .        f - +7 lajatang of the Fortifying Gods {heavy, *Slow rElec rC+ Str+8}
rCold   + . .        (shield currently unavailable)
rNeg    . . .        (body armour unavailable)
rPois   +            (helmet restricted)
rElec   +            x - scarf {shadows}
rCorr   +            (no gloves)
SInv    .            j - +0 pair of boots
Will    +....        (no amulet)
Stlth   ++           e - ring of Joecsiol {rPois MP+9}
HPRegen 0.30/turn    c - ring of Liberty {rF+ Will+ AC+4 Dex+2}
MPRegen 0.19/turn

%: slow self (1%)
@: very slightly contaminated, slowed, heavily drained, very slow
A: spit acid, AC +7, unfitting armour, cold-blooded, acid resistance
a: Breathe Acid, Renounce Religion


You were on level 7 of the Dungeon.
You worshipped Vehumet.
Vehumet was noncommittal.
You visited 2 branches of the dungeon, and saw 8 of its levels.

You collected 492 gold pieces.

Inventory:

Hand Weapons
 f - the +7 lajatang of the Fortifying Gods (weapon) {heavy, *Slow rElec rC+ Str+8}
   (You acquired it on level 4 of the Dungeon)

   Str:       It affects your strength (+8).
   rC:        It protects you from cold.
   rElec:     It insulates you from electricity.
   *Slow:     It may slow you when you take damage.
Armour
 j - a +0 pair of boots (worn)
 x - a scarf of shadows (worn)
Magical Staves
 u - a staff of death
Jewellery
 c - the ring of Liberty (right hand) {rF+ Will+ AC+4 Dex+2}
   (You acquired it on level 5 of the Dungeon)

   [ring of protection]

   AC:        It affects your AC (+4).
   Dex:       It affects your dexterity (+2).
   rF:        It protects you from fire.
   Will:      It increases your willpower.
 e - the ring of Joecsiol (left hand) {rPois MP+9}
   (You found it on level 3 of the Dungeon)

   [ring of magical power]

   rPois:     It protects you from poison.
   MP:        It affects your magic capacity (+9).
Wands
 b - a wand of roots (15)
 k - a wand of acid (20) (quivered)
 B - a wand of charming (18)
Scrolls
 g - 2 scrolls of teleportation
 h - a scroll of magic mapping
 q - 2 scrolls of silence
 t - a scroll of butterflies {unknown}
 y - a scroll of enchant weapon {unknown}
 z - a scroll of amnesia {unknown}
Potions
 a - 2 potions of magic
 d - 3 potions of curing
 i - 3 potions of flight
 l - 2 potions of attraction
 m - 2 potions of might
 n - a potion of lignification
 o - a potion of invisibility
 p - a potion of mutation {unknown}
 s - a potion of heal wounds
 v - a potion of haste
 w - a potion of ambrosia


   Skills:
 + Level 3.6 Fighting
 + Level 9.2 Staves
 + Level 4.3 Dodging
 + Level 3.2 Stealth
 + Level 4.3 Spellcasting
 + Level 5.6 Conjurations
 + Level 3.2 Translocations
 + Level 3.0 Evocations


You had 9 spell levels left.
You knew the following spells:

 Your Spells              Type           Power      Damage    Failure   Level
a - Magic Dart            Conj           100%       1d8       1%          1
b - Searing Ray           Conj           58%        2d6       1%          2
c - Iskenderun's Mystic   Conj/Tloc      24%        2d7       17%         4

Your spell library contained the following spells:

 Spells                   Type           Power      Damage    Failure   Level
 Kiss of Death            Conj/Necr      68%        2d10      3%          1
 Shock                    Conj/Air       68%        1d7       3%          1
 Dazzling Flash           Conj/Hex       34%        N/A       10%         3
 Confusing Touch          Hex            4%         N/A       32%         3
 Summon Guardian Golem    Hex/Summ       4%         N/A       32%         3
 Swiftness                Air            4%         N/A       32%         3
 Fulminant Prism          Conj/Hex       8%         3d7       32%         4
 Airstrike                Air            2%         2d(1-17)  71%         4
 Anguish                  Hex/Necr       2%         N/A       71%         4
 Cause Fear               Hex            2%         N/A       71%         4
 Dispel Undead            Necr           4%         3d7       71%         4
 Enfeeble                 Hex            2%         N/A       100%        7
 Orb of Destruction       Conj           14%        9d7       100%        7
 Spellforged Servitor     Conj/Summ      8%         N/A       100%        7
 Borgnjor's Revivificati  Necr           2%         N/A       100%        8
 Necromutation            Tmut/Necr      2%         N/A       100%        8
 Death's Door             Necr           2%         N/A       100%        9


Dungeon Overview and Level Annotations

Branches:
Dungeon (7/15)             Temple (1/1) D:7

Altars:
Dithmenos
Elyvilon
Gozag
Hepliaklqana
Kikubaaqudgha
Makhleb
Nemelex Xobeh
Okawaru
Qazlal
Ru
Sif Muna
Uskayaw
Vehumet
Wu Jian
Zin

Shops:
D:5 [

Annotations:
D:6 3 runed translucent doors, ZoaN's ghost, novice MiFi
D:7 Dowan


Innate Abilities, Weirdness & Mutations

You can spit globs of acid.
Your golden yellow scales are hard. (AC +7)
You cannot fit into any form of body armour.
You are cold-blooded and may be slowed by cold attacks.
You are resistant to acid. (rCorr)


Message History

The wight is moderately damaged.
The wight is knocked back by the mystic blast.
The mystic blast hits the wight!
The wight is heavily damaged.
The wight is knocked back by the mystic blast.
You hear a shout!
You hit the wight.
The wight is severely damaged.
The wight closely misses you. The wight barely misses you. x2
You slash the wight!
You destroy the wight!
Vehumet accepts your kill. The wight closely misses you.
The wight hits you but does no damage.
Your life force feels restored.
You hit the wight but do no damage.
The wight is lightly damaged.
The wight hits you with a +0 flail!
You feel drained.
The wight hits you with a +5 great sword of freezing!
You feel drained.
You feel yourself slow down. The wight freezes you.
You are too injured to fight recklessly!
Casting: Iskenderun's Mystic Blast (dangerous; 17% risk of failure)
Confirm with . or Enter, or press ? or * to list all spells.
You erupt in a blast of force!
The mystic blast hits the wight.
The wight is lightly damaged.
The wight is knocked back by the mystic blast.
The mystic blast hits the wight.
The wight is heavily damaged.
The wight is knocked back by the mystic blast.
Dowan seems to find hidden reserves of power!
Casting: Iskenderun's Mystic Blast (dangerous; 17% risk of failure)
Confirm with . or Enter, or press ? or * to list all spells.
You miscast Iskenderun's Mystic Blast.
You are very lightly contaminated with residual magic.
Nothing appears to happen.
Dowan mumbles some strange words.
Dowan blinks!
The wight hits you with a +0 flail!
You feel drained.
The wight hits you with a +5 great sword of freezing!
* * * LOW HITPOINT WARNING * * *
You feel drained.
You die...

####..#.........# #.
##@F..##.........# ##
#..#####.........# #
#..........>..... #
+............##### #
####.........# #
..........# #
.........).# #
o......e.z@.# #
.....z..# #
........###############
..........#..).........
#########.#............
#.#............
#..............
##....[#####...
#####..†.##'##


You could see Dowan (fast) and 2 wights.

Vanquished Creatures
  Maggie (D:7)
  A komodo dragon (D:6)
  2 water moccasins
  A sky beast (D:6)
  Duvessa (D:7)
  2 orc warriors
  3 black bears
  An ogre (D:5)
  A centaur (D:6)
  A phantom (D:7)
  2 kobold brigands
  A gnoll sergeant (D:7)
  A bullfrog (D:7)
  4 scorpions
  4 wights
  6 killer bees (D:5)
  A jelly (D:6)
  6 hounds
  3 sleepcaps
  An orc wizard (D:6)
  9 gnolls
  5 adders
  4 white imps
  4 worms
  13 dart slugs
  13 orcs
  5 ball pythons
  3 bats
  6 endoplasms
  A giant cockroach (D:1)
  2 hobgoblins
  7 jackals
  14 kobolds
  9 quokkas
  3 frilled lizards
  3 goblins
  4 rats
148 creatures vanquished.

Notes
Turn   | Place    | Note
-------+----------+-------------------------------------------
     0 | D:1      | hawla the Draconian Conjurer began the quest for the Orb.
     0 | D:1      | Reached XP level 1. HP: 14/14 MP: 3/3
   758 | D:1      | Reached XP level 2. HP: 19/20 MP: 1/5
   761 | D:1      | Learned a level 2 spell: Searing Ray
   832 | D:1      | Found a faded altar of an unknown god.
  1159 | D:2      | Found a stormy altar of Qazlal.
  1374 | D:2      | Reached XP level 3. HP: 21/26 MP: 0/6
  1837 | D:2      | Found a hazy altar of Hepliaklqana.
  2263 | D:3      | Identified the ring of Joecsiol {rPois MP+9}
  2400 | D:3      | Reached XP level 4. HP: 13/34 MP: 7/8
  2495 | D:3      | Learned a level 4 spell: Iskenderun's Mystic Blast
  2874 | D:3      | Reached skill level 1 in Translocations
  2891 | D:3      | Reached skill level 1 in Evocations
  3068 | D:4      | Identified 2 scrolls of acquirement
  3068 | D:4      | Acquired the +7 lajatang of the Fortifying Gods {heavy,
                  | *Slow rElec rC+ Str+8}
  3200 | D:4      | Reached skill level 1 in Staves
  3200 | D:4      | Reached XP level 5. HP: 33/39 MP: 9/9
  3295 | D:4      | Reached skill level 2 in Staves
  3401 | D:4      | Reached skill level 3 in Staves
  3545 | D:4      | Found an iron altar of Okawaru.
  3616 | D:4      | Reached XP level 6. HP: 35/46 MP: 10/10
  3902 | D:5      | Entered Level 5 of the Dungeon
  3903 | D:5      | Acquired the ring of Liberty {rF+ Will+ AC+4 Dex+2}
  3986 | D:5      | Found a white marble altar of Elyvilon.
  4011 | D:5      | Reached skill level 4 in Staves
  4212 | D:5      | Found Basoatot's Armour Emporium.
  4221 | D:5      | Your scales start taking on a golden yellow colour.
  4221 | D:5      | Reached XP level 7. HP: 42/51 MP: 11/11
  4221 | D:5      | Gained mutation: You are resistant to acid. (rCorr) [Yellow
                  | Draconian growth]
  4575 | D:5      | Reached skill level 5 in Staves
  4602 | D:5      | Reached skill level 6 in Staves
  4604 | D:5      | Reached skill level 1 in Fighting
  4604 | D:5      | Reached skill level 5 in Conjurations
  4605 | D:5      | Reached XP level 8. HP: 23/59 MP: 2/12
  5147 | D:6      | Found a runed translucent gate.
  5147 | D:6      | Found a runed translucent gate.
  5147 | D:6      | Found a runed translucent gate.
  5148 | D:6      | Noticed ZoaN's ghost (novice MiFi)
  5176 | D:6      | Reached skill level 7 in Staves
  5485 | D:6      | Found an opulent altar of Gozag.
  5513 | D:6      | Found a sacrificial altar of Ru.
  5635 | D:6      | Noticed a komodo dragon
  5640 | D:6      | Reached skill level 8 in Staves
  5689 | D:6      | Killed a komodo dragon
  5690 | D:6      | Reached XP level 9. HP: 41/67 MP: 1/14
  6079 | D:6      | Found a shimmering blue altar of Sif Muna.
  6574 | D:7      | Found a staircase to the Ecumenical Temple.
  6596 | Temple   | Entered the Ecumenical Temple
  6635 | Temple   | Became a worshipper of Vehumet
  6773 | D:7      | Noticed Maggie
  6775 | D:7      | Noticed Dowan
  6776 | D:7      | Noticed Duvessa
  6787 | D:7      | Killed Duvessa
  6788 | D:7      | Reached skill level 9 in Staves
  6856 | D:7      | Killed Maggie
  6954 | D:7      | Slain by a wight

Illustrated notes

Levels and vault maps discovered:
D:1:      nicolae_arrival_somewhat_less_tricky_arrival, layout_basic,
          shapermc_ecumenical_altar_acropolis, minmay_misc_feat_four_crosses
D:2:      wad_woods_stonehenge, layout_basic, basic_altar
D:3:      kennysheep_slugbush, layout_basic
D:4:      layout_loops_cross, mainiacjoe_overflow_alcove_4
D:5:      layout_loops_corners, elyvilon_altar_1, serial_shops, shop
D:6:      kennysheep_big_flooded_room, layout_basic, overflow_temple_1_default,
          mainiacjoe_overflow_two_lobes, ebering_ghost_rock_garden,
          kennysheep_generic_room_6
D:7:      layout_basic, nicolae_hepliaklqana_hippocampus,
          minmay_temple_entry_trees, uniq_duvessa, uniq_maggie
Temple:   regret_index_temple_waves

Skill      XL: |  1  2  3  4  5  6  7  8  9 |
---------------+----------------------------+-----
Dodging        | 2 3 4 |  4.3
Stealth        | 2 3 |  3.2
Translocations | 1 2 3 |  3.2
Evocations     | 1 2 3 |  3.0
Staves         | 1 3 4 6 8 9 |  9.2
Fighting       | 1 2 3 |  3.6
Conjurations   | 5 |  5.6
Spellcasting   | 3 4 |  4.3

Action                     |  1- 3 |  4- 6 |  7- 9 || total
---------------------------+-------+-------+-------++-------
  Melee: Unarmed           |   132 |    12 |       ||   144
         Tailslap          |     9 |     3 |     8 ||    20
         Punch             |     1 |       |       ||     1
         Lajatang          |       |    53 |    96 ||   149
   Cast: Magic Dart        |    58 |    29 |    17 ||   104
         Searing Ray       |     9 |    10 |    12 ||    31
         Iskenderun's Myst |       |     1 |    13 ||    14
    Use: Scroll            |     4 |     4 |    13 ||    21
         Potion            |       |       |     1 ||     1
   Stab: Sleeping          |     2 |     2 |     2 ||     6
 Armour: Skin              |    52 |    57 |    71 ||   180
  Dodge: Dodged            |   112 |    88 |   118 ||   318
